 Seeded DCSS version 0.30.1 (webtiles) character file.

Game seed: 7229806256980976716 (custom seed)

2 McKennaii the Firebug (level 1, 14/14 HPs)
             Began as a Demigod Fire Elementalist on July 13, 2023.
             Quit the game on level 1 of the Dungeon.
             The game lasted 00:00:23 (201 turns).

McKennaii the Firebug (Demigod Fire Elementalist)    Turns: 201, Time: 00:00:24

Health: 14/14      AC:  2    Str:  9    XL:     1   Next: 26%
Magic:  5/5        EV: 12    Int: 23    God:
Gold:   17         SH:  0    Dex: 17    Spells: 2/3 levels left

rFire   . . .        (no weapon)
rCold   . . .        (no shield)
rNeg    + . .        a - +0 robe
rPois   .            (no helmet)
rElec   .            (no cloak)
rCorr   .            (no gloves)
SInv    .            (no boots)
Will    .....        (no amulet)
Stlth   ++           f - ring "Qoutwenn" {rN+ Int+6 Dex+3 Slay+4}
HPRegen 0.22/turn    (no ring)
MPRegen 0.09/turn

%: no passive effects
@: no status effects
A: high MP 1, forlorn, divine attributes
a: no special abilities


You were on level 1 of the Dungeon.
You visited 1 branch of the dungeon, and saw 1 of its levels.

You collected 17 gold pieces.

Inventory:

Missiles
 c - a throwing net
Armour
 a - a +0 robe (worn)
Jewellery
 f - the ring "Qoutwenn" (left hand) {rN+ Int+6 Dex+3 Slay+4}
   (You acquired it on level 1 of the Dungeon)

   [ring of slaying]

   Int:       It affects your intelligence (+6).
   Dex:       It affects your dexterity (+3).
   Slay:      It affects your accuracy & damage with ranged weapons and melee
   (+4).
   rN:        It protects you from negative energy.
Scrolls
 d - 2 scrolls of amnesia {unknown}
 e - a scroll of acquirement
Potions
 b - a potion of magic


   Skills:
 - Level 1.7 Dodging
 - Level 1.7 Stealth
 + Level 1.8 Spellcasting
 + Level 1.0 Conjurations
 + Level 2.7 Fire Magic


You had 2 spell levels left.
You knew the following spells:

 Your Spells              Type           Power      Damage    Failure   Level
a - Foxfire               Conj/Fire      40%        2x1d6     6%          1

Your spell library contained the following spells:

 Spells                   Type           Power      Damage    Failure   Level
 Scorch                   Fire           28%        2d6       6%          2
 Inner Flame              Hex/Fire       8%         N/A       22%         3
 Volatile Blastmotes      Fire/Tloc      16%        2d11      22%         3
 Flame Wave               Conj/Fire      10%        2d6       52%         4


Dungeon Overview and Level Annotations

Branches:
Dungeon (1/15)


Innate Abilities, Weirdness & Mutations

You have an increased reservoir of magic. (+10% MP)
You shall have no god before yourself.
Your divine heritage dramatically boosts your attributes as you level up.


Message History

You conjure some foxfire!
Your magical contamination has completely faded away.
You are out of magic!
Your foxfire dissipates! x2
Key pressed, stopping explore.
You conjure some foxfire!
Your foxfire dissipates!
Magic restored.
c - a throwing net You now have 17 gold pieces.
d - 2 scrolls labelled FUSKUR VIKLOEP A quokka comes into view.
You conjure some foxfire!
You conjure some foxfire!
Your foxfire dissipates!
The foxfire hits the quokka.
The quokka is lightly wounded.
You conjure some foxfire!
The foxfire hits the quokka.
The quokka is moderately wounded.
You conjure some foxfire!
The foxfire hits the quokka.
The quokka is heavily wounded.
The foxfire hits the quokka.
The quokka is almost dead.
The foxfire hits the quokka but does no damage.
The quokka is almost dead.
You conjure some foxfire!
The foxfire hits the quokka.
You kill the quokka!
Your Conjurations skill increases to level 1!
You are out of magic!
Your foxfire dissipates!
Found 3 stones.
e - 3 scrolls labelled RAGIOR NADERHA This is a scroll of acquirement!
Something appears at your feet!
f - the ring "Qoutwenn" {rN+ Int+6 Dex+3 Slay+4} You feel clever.
You feel agile.
f - the ring "Qoutwenn" (left hand) {rN+ Int+6 Dex+3 Slay+4} Something appears at your feet!
Are you sure you want to abandon this character and quit the game? (Confirm with "yes".)

############.##
#.# #.# #.#
##########.#
#..........# #
#.##########
#(#######.#
#...@.....#
###########


There were no monsters in sight!

Vanquished Creatures
  A hobgoblin (D:1)
  A quokka (D:1)
2 creatures vanquished.

Vanquished Creatures (collateral kills)
  A foxfire (D:1)
1 creature vanquished.

Vanquished Creatures (others)
  14 foxfires (D:1)
14 creatures vanquished.

Grand Total: 17 creatures vanquished

Notes
Turn   | Place    | Note
-------+----------+-------------------------------------------
     0 | D:1      | McKennaii the Demigod Fire Elementalist began the quest for
                  | the Orb.
     0 | D:1      | Reached XP level 1. HP: 14/14 MP: 5/5
   124 | D:1      | Reached skill level 1 in Conjurations
   197 | D:1      | Identified 3 scrolls of acquirement
   197 | D:1      | Acquired the ring "Qoutwenn" {rN+ Int+6 Dex+3 Slay+4}
   200 | D:1      | Acquired 858 gold pieces
   201 | D:1      | Quit the game

Illustrated notes

Levels and vault maps discovered:
D:1:      spicycebolla_arrival_ecumenical, layout_loops_ring

Skill      XL: |  1 |
---------------+----+-----
Conjurations   | 1 |  1.0
Dodging        | |  1.7
Stealth        | |  1.7
Spellcasting   | |  1.8
Fire Magic     | |  2.7

Action                     || total
---------------------------++-------
   Cast: Foxfire           ||    10
    Use: Scroll            ||     2
